 Dungeon Crawl Stone Soup version 0.23.2-1-ga50397a (webtiles) character file.

Game seed: 14718113903076355165

78 myga the Firebug (level 4, -1/30 HPs)
             Began as a Human Fire Elementalist on May 9, 2019.
             Slain by an adder (4 damage)
             ... on level 3 of the Dungeon.
             The game lasted 00:09:41 (1860 turns).

myga the Firebug (Human Fire Elementalist)          Turns: 1860, Time: 00:09:41

Health: -1/30      AC:  2    Str:  9    XL:     4   Next: 61%
Magic:  1/16       EV: 13    Int: 20    God:
Gold:   44         SH:  0    Dex: 14    Spells: 1/7 levels left

rFire    . . .     SeeInvis .   e - +0 dagger
rCold    . . .     Gourm    .   (no shield)
rNeg     . . .     Faith    .   a - +0 robe
rPois    .         Spirit   .   (no helmet)
rElec    .         Reflect  .   (no cloak)
rCorr    .         Harm     .   (no gloves)
MR       .....                  (no boots)
Stlth    ++........             (no amulet)
HPRegen  0.10/turn              m - ring of magical power
MPRegen  0.15/turn              (no ring)

@: brilliant, lethally poisoned (-1 -> -4)
A: no striking features
a: no special abilities


You were on level 3 of the Dungeon.
You were not hungry.

You visited 1 branch of the dungeon, and saw 3 of its levels.

You collected 44 gold pieces.

Inventory:

Hand Weapons
 e - a +0 dagger (weapon)
Missiles
 g - 27 stones (quivered)
 n - 17 poisoned needles
 o - 6 tomahawks
Armour
 a - a +0 robe (worn)
Jewellery
 b - an uncursed ring of ice
 m - a ring of magical power (left hand)
Scrolls
 f - a scroll of random uselessness {unknown}
 k - 2 scrolls of identify {unknown}
Potions
 i - a potion of resistance {unknown}
 j - a potion of degeneration {unknown}
 l - a potion of curing {unknown}
Comestibles
 c - a ration
 d - a chunk of flesh


   Skills:
 + Level 0.3 Fighting
 + Level 0.8 Short Blades
 + Level 2.3 Dodging
 + Level 2.8 Stealth
 + Level 2.1 Spellcasting
 + Level 1.7 Conjurations
 + Level 3.8 Fire Magic


You had one spell level left.
You knew the following spells:

 Your Spells              Type           Power        Failure   Level  Hunger
a - Flame Tongue          Conj/Fire      ####.        1%          1    #......
b - Throw Flame           Conj/Fire      ####..       1%          2    ##.....
c - Conjure Flame         Conj/Fire      ####....     1%          3    ###....

Your spell library contained the following spells:

 Spells                   Type           Power        Failure   Level  Hunger
 Inner Flame              Hex/Fire       ###.....     2%          3    ###....
 Sticky Flame             Conj/Fire      ####....     6%          4    #####..
 Fireball                 Conj/Fire      ####......   14%         5    ######.


Dungeon Overview and Level Annotations

Branches:
Dungeon (3/15)

Altars:
Gozag

Annotations:
D:2 Natasha, Robin


Message History

You barely miss the bat.
The bat is heavily wounded.
You feel sick. The bat misses you. The adder barely misses you.
You barely miss the adder.
The adder is moderately wounded.
A bat comes into view.
The bat hits you but does no damage. The adder bites you.
* * * LOW HITPOINT WARNING * * *
The adder barely misses you.
You hit the adder but do no damage.
The adder is moderately wounded.
* * * LOW HITPOINT WARNING * * *
You feel sick. The bat hits you.
* * * LOW HITPOINT WARNING * * *
The adder barely misses you.
Unknown command.
It was a potion of brilliance.
You feel clever all of a sudden. The bat closely misses you.
The adder bites you.
You die...

#... ....(
##.... .....
..... ......
#.... ......
#...##.....#
........>..
#..S.....#
##.@b......
#<...b.....
#)######.#.
#+#


You could see an adder and 2 bats.

Vanquished Creatures
  2 adders (D:2)
  An ooze (D:1)
  2 dart slugs
  3 giant cockroaches
  18 goblins
  3 hobgoblins
  8 kobolds
  A ball python (D:2)
  5 bats (D:1)
  3 frilled lizards (D:1)
  5 rats (D:1)
51 creatures vanquished.

Notes
Turn   | Place    | Note
-------+----------+-------------------------------------------
     0 | D:1      | myga the Human Fire Elementalist began the quest for the
                  | Orb.
     0 | D:1      | Reached XP level 1. HP: 13/13 MP: 3/3
   245 | D:1      | Reached XP level 2. HP: 11/19 MP: 0/5
   393 | D:1      | Learned a level 2 spell: Throw Flame
   589 | D:1      | Reached XP level 3. HP: 24/24 MP: 1/6
  1160 | D:1      | Learned a level 3 spell: Conjure Flame
  1453 | D:2      | Found an opulent altar of Gozag.
  1610 | D:2      | Noticed Natasha
  1634 | D:2      | Reached XP level 4. HP: 23/30 MP: 1/7
  1794 | D:2      | Identified the +0 helmet "Veunum" {rC+ Str+4 Dex+2}
  1794 | D:2      | Noticed Robin
  1860 | D:3      | Slain by an adder

Action                   |  1- 3 |  4- 6 || total
-------------------------+-------+-------++-------
Melee: Dagger            |    72 |    16 ||    88
       Unarmed           |     6 |       ||     6
Throw: Stone             |     3 |     1 ||     4
 Cast: Flame Tongue      |    38 |    22 ||    60
       Throw Flame       |     2 |     2 ||     4
  Use: Potion            |       |     1 ||     1
 Stab: Sleeping          |    10 |       ||    10
  Eat: Chunk             |     3 |     1 ||     4
Armor: Robe              |    18 |     4 ||    22
Dodge: Dodged            |    59 |    22 ||    81
